 Dungeon Crawl Stone Soup version 0.21-a0-265-gb353147 (webtiles) character file.

2676 Chiseanne the Fighter (level 9, -5/101 HPs)
             Began as an Ogre Wanderer on Sept 11, 2017.
             Was an Initiate of Gozag.
             Slain by a cyclops (27 damage)
             ... on level 7 of the Dungeon.
             The game lasted 00:18:35 (10252 turns).

Chiseanne the Fighter (Ogre Wanderer)              Turns: 10252, Time: 00:18:35

Health: -5/101     AC:  4    Str: 16 (18) XL:     9   Next: 64%
Magic:  0/11       EV: 18    Int: 16 (19) God:    Gozag
Gold:   508        SH:  0    Dex: 12 (15) Spells: 10/10 levels left

rFire    . . .     SeeInvis +   a - +3 spear
rCold    . . .     Gourm    .   (no shield)
rNeg     . . .     Faith    .   d - +1 robe
rPois    .         Spirit   +   (helmet restricted)
rElec    .         Reflect  .   (no cloak)
rCorr    .         Harm     .   (gloves unavailable)
MR       +....                  (boots unavailable)
Stlth    +++.......             p - amulet of guardian spirit
HPRegen  0.26/turn              g - ring of see invisible
MPRegen  0.12/turn              (no ring)

@: brilliant, agile, gold aura, flying, very slightly contaminated, hasted,
invisible (expiring), very quick
A: unfitting armour, high mp 1, magic resistance 1, tough skin 1
a: Potion Petition, Call Merchant, Bribe Branch, Renounce Religion


You were on level 7 of the Dungeon.
You worshipped Gozag.
Gozag was pleased with you.
You were not hungry.

You visited 2 branches of the dungeon, and saw 8 of its levels.

You collected 1172 gold pieces.
You spent 78 gold pieces at shops.
You paid 586 gold pieces to Gozag.

Inventory:

Hand Weapons
 a - a +3 spear (weapon)
Missiles
 e - 65 bolts
 i - 124 stones (quivered)
 j - 19 poisoned needles
 l - 113 arrows
 o - 8 tomahawks
 q - 97 sling bullets
Armour
 d - a +1 robe (worn)
Jewellery
 g - a ring of see invisible (left hand)
 p - an amulet of guardian spirit (around neck)
 w - an uncursed ring of fire
 y - an uncursed ring of ice
Wands
 k - a wand of polymorph (0/24)
 H - a wand of flame (30/48)
 I - a wand of flame (27/48)
Scrolls
 m - 7 scrolls of remove curse
 r - a scroll of blinking
 s - 5 scrolls of fear
 u - 2 scrolls of teleportation
 C - a scroll of enchant weapon
 D - a scroll of immolation
Potions
 b - 5 potions of curing
 t - a potion of mutation
Books
 c - the Compendium of the Pirate

   Spells                             Type                      Level
   a - Beastly Appendage              Transmutation                1
   b - Spider Form                    Transmutation/Poison         3
 v - a book of Callings

   Spells                             Type                      Level
   a - Summon Small Mammal            Summoning                    1
   b - Call Imp                       Summoning                    2
   c - Call Canine Familiar           Summoning                    3
   d - Summon Guardian Golem          Hexes/Summoning              3
   e - Summon Lightning Spire         Summoning/Air                4
   f - Summon Ice Beast               Ice/Summoning                4
 A - a book of Transfigurations

   Spells                             Type                      Level
   a - Irradiate                      Conjuration/Transmutation    5
   b - Statue Form                    Transmutation/Earth          6
   c - Hydra Form                     Transmutation                6
   d - Dragon Form                    Transmutation                7
Comestibles
 f - 2 bread rations
 h - 6 meat rations
 E - a royal jelly


   Skills:
 * Level 9.9 Fighting
 - Level 1.0 Polearms
 * Level 7.3 Throwing
 * Level 6.7 Dodging
 - Level 1.0 Stealth
 - Level 1.2 Spellcasting
   Level 1.7 Transmutations
   Level 1.7 Earth Magic
 - Level 1.0 Evocations


You had 10 spell levels left.
You didn't know any spells.

Dungeon Overview and Level Annotations

Branches:
Dungeon (7/15)             Temple (1/1) D:4

Altars:
Ashenzari
Cheibriados
Dithmenos
Elyvilon
Fedhas
Gozag
Hepliaklqana
Kikubaaqudgha
Makhleb
Nemelex Xobeh
Okawaru
Qazlal
Ru
Sif Muna
Trog
Uskayaw
Wu Jian
Xom
Yredelemnul
Zin
The Shining One
Beogh

Shops:
D:5 }[   D:6 =


Innate Abilities, Weirdness & Mutations

You are too large for most types of armour.
You have tough skin. (AC +1)
You have an increased reservoir of magic. (+10% MP)
You are resistant to hostile enchantments. (MR+)


Message History

You hit the cyclops.
The cyclops is heavily wounded.
You flicker for a moment.
The orc wizard misses you.
You hit the cyclops.
The cyclops is severely wounded.
The orc is no longer distracted by gold.
The troll is distracted by the nearby gold.
The orc wizard hits you with a dagger.
* * * LOW HITPOINT WARNING * * *
The cyclops misses you.
The troll shouts!
You hit the cyclops.
The cyclops is severely wounded.
You strike the helpless cyclops from behind!
You puncture the cyclops!
The cyclops is almost dead.
The orc wizard barely misses you. The cyclops hits you!!
You die...
Your body crumbles into a pile of gold. ################# #.........P.P ...............>#####.##.#..#.... ...............................## .######.###.################....# .# #.# #.# ##### ##.... .## #.# #.# ##oo(. #.... ..# #.# #.# #ooo## #...# ..## #.# #.# #Cooo# . #...# ...# #.# #.####@# .oo

#.... .#.## #.#
#...##.##)8$8. #...#
.#..# #.# #..©##©#oo)_..
#©..#
.##.###.###...##.##/8$8.
#.... .##...........##T#
....$ ###.#
.##.###.#####.##.. .#o
##.# .##..##^#####.##..
# #...
...........##.###..
##..# ####.##.##.#..# ##
##....


You could see a cyclops, a troll (wandering), an orc priest, 2 orc wizards and 5
orcs.

Vanquished Creatures
  A steam dragon (D:6)
  2 black bears (D:7)
  3 ice beasts
  A sky beast (D:5)
  4 ogres
  4 centaurs
  6 bullfrogs
  Dowan (D:5)
  2 scorpions
  3 crimson imps (D:5)
  2 orc priests
  4 hounds
  3 orc wizards
  6 worker ants
  A hound skeleton (D:4)
  5 adders
  2 oozes
  An adder skeleton (D:5)
  3 worms
  3 dart slugs
  6 leopard geckos
  21 orcs
  5 giant cockroaches
  8 goblins
  10 hobgoblins
  14 jackals
  A quokka (D:6)
  10 bats
  3 frilled lizards
  2 gnoll zombies (D:2)
  12 kobolds
  A leopard gecko skeleton (D:5)
  9 rats
159 creatures vanquished.

Vanquished Creatures (others)
  An orc warrior (D:7)
  An orc priest (D:7)
  4 toadstools (D:1)
6 creatures vanquished.

Grand Total: 165 creatures vanquished

Notes
Turn   | Place    | Note
-------+----------+-------------------------------------------
     0 | D:1      | Chiseanne the Ogre Wanderer began the quest for the Orb.
     0 | D:1      | Chiseanne set off with: a +2 spear, a potion of curing, the Compendium of the Pirate, a +0 robe, a bread ration
     0 | D:1      | Reached XP level 1. HP: 22/22 MP: 2/2
     0 | D:1      | Identified the Compendium of the Pirate
   144 | D:1      | Reached skill level 3 in Fighting
   158 | D:1      | Reached XP level 2. HP: 20/31 MP: 3/3
   173 | D:1      | Reached skill level 1 in Dodging
   375 | D:1      | Found a sparkling altar of Nemelex Xobeh.
   589 | D:1      | Reached XP level 3. HP: 33/39 MP: 4/4
   968 | D:2      | Reached skill level 4 in Fighting
  1125 | D:2      | Reached skill level 1 in Throwing
  1133 | D:2      | Reached XP level 4. HP: 48/48 MP: 5/5
  1253 | D:2      | Found a basalt altar of Yredelemnul.
  1316 | D:2      | Found an opulent altar of Gozag.
  1328 | D:2      | Became a worshipper of Gozag Ym Sagoz the Greedy
  1382 | D:2      | Noticed a bullfrog
  1393 | D:2      | Killed a bullfrog
  1393 | D:2      | Reached XP level 5. HP: 35/55 MP: 6/6
  1982 | D:3      | Found an iron altar of Okawaru.
  2324 | D:3      | Found a white marble altar of Elyvilon.
  2522 | D:3      | Reached skill level 5 in Fighting
  2522 | D:3      | Reached XP level 6. HP: 35/66 MP: 3/7
  3298 | D:3      | Found a white marble altar of Elyvilon.
  4401 | D:4      | Found a snail-covered altar of Cheibriados.
  4483 | D:4      | Reached XP level 7. HP: 42/74 MP: 5/8
  4710 | D:4      | Reached skill level 6 in Fighting
  4906 | D:4      | Found a shimmering altar of Xom.
  5058 | D:4      | Found a stormy altar of Qazlal.
  5117 | D:4      | Found a staircase to the Ecumenical Temple.
  5185 | Temple   | Entered the Ecumenical Temple
  5418 | D:5      | Entered Level 5 of the Dungeon
  5874 | D:5      | Reached skill level 7 in Fighting
  5874 | D:5      | Reached XP level 8. HP: 70/87 MP: 9/9
  6482 | D:5      | Reached skill level 5 in Throwing
  6632 | D:5      | Reached skill level 5 in Dodging
  6915 | D:5      | Found Fifokhleo's Gadget Shoppe.
  7039 | D:5      | Reached skill level 8 in Fighting
  7530 | D:6      | Noticed Duvessa
  7530 | D:6      | Noticed Dowan
  7534 | D:6      | Noticed Duvessa
  7534 | D:6      | Duvessa changed into Duvessa the acid dragon
  7539 | D:6      | Noticed Duvessa
  7539 | D:6      | Duvessa the acid dragon changed into Duvessa the steam dragon
  7540 | D:6      | Killed Duvessa the steam dragon
  7925 | D:5      | Killed Dowan
  8345 | D:6      | Reached XP level 9. HP: 76/97 MP: 7/10
  8496 | D:6      | Found Hagre's Jewellery Emporium.
  8508 | D:6      | Bought a cursed ring of loudness for 54 gold pieces
  8508 | D:6      | Bought a cursed amulet of inaccuracy for 24 gold pieces
  8552 | D:6      | Reached skill level 9 in Fighting
  9179 | D:6      | Found a burning altar of Makhleb.
  9357 | D:7      | Found a bloodstained altar of Trog.
  9605 | D:7      | Found a transporter.
  9618 | D:7      | Found a glowing silver altar of Zin.
  9922 | D:7      | Found a blossoming altar of Fedhas.
 10204 | D:7      | Found a roughly hewn altar of Beogh.
 10205 | D:7      | Noticed a cyclops
 10206 | D:7      | Noticed a troll
 10211 | D:7      | Gained mutation: You are resistant to hostile enchantments. (MR+) [potion of mutation]
 10211 | D:7      | Gained mutation: You have an increased reservoir of magic. (+10% MP) [potion of mutation]
 10228 | D:7      | Noticed a troll
 10252 | D:7      | Slain by a cyclops

Vault maps used:
D:1:      ldierk_water_garden, nemelex_xobeh_ov_fountains_minmay
D:2:      nicolae_overflow_crystal_walls, lemuel_zombie_altar_yredelemnul,
          minmay_misc_feat_secret_circle
D:3:      marbit_many_paths, okawaru_altar_gauntlet_db, first_bread,
          elyvilon_altar_5
D:4:      grunt_qazlal_sundering, lemuel_doored_altar, kennysheep_mini_moat,
          minmay_temple_entry_statues_pillars
D:5:      serial_shops, nicolae_shop_behind_doors
D:6:      lemuel_coloured_pillars_altar, serial_shops, shop, uniq_duvessa
D:7:      gammafunk_beogh_shrine, kennysheep_little_box, trog_ov_bears_minmay,
          minmay_misc_feat_plants, fedhas_altar_1
Temple:   minmay_temple_curvy_loop

Skill      XL: |  1  2  3  4  5  6  7  8  9 |
---------------+----------------------------+-----
Fighting       | 3 4 5 7 8 9 |  9.9
Dodging        | 1 2 3 4 5 6 |  6.7
Throwing       | 1 2 3 4 6 7 |  7.3
Polearms       | |  1.0
Stealth        | |  1.0
Spellcasting   | |  1.2
Transmutations | |  1.7
Earth Magic    | |  1.7
Evocations     | |  1.0

Action                   |  1- 3 |  4- 6 |  7- 9 || total
-------------------------+-------+-------+-------++-------
Melee: Spear             |   123 |   248 |   362 ||   733
       Unarmed           |       |       |     1 ||     1
Throw: Large rock        |       |       |    36 ||    36
       Stone             |       |       |     7 ||     7
       Tomahawk          |       |       |    17 ||    17
Invok: Call Merchant     |       |       |     1 ||     1
       Potion Petition   |       |       |     1 ||     1
Evoke: Wand              |       |       |     1 ||     1
  Use: Scroll            |     5 |     4 |     6 ||    15
       Potion            |       |       |     9 ||     9
 Stab: Sleeping          |     2 |     2 |       ||     4
       Invisible         |       |       |     8 ||     8
  Eat: Chunk             |     1 |       |       ||     1
       Fruit             |       |     6 |       ||     6
       Bread ration      |       |     1 |     4 ||     5
       Royal jelly       |       |     1 |       ||     1
Armor: Robe              |    36 |    47 |    53 ||   136
       Skin              |       |       |     5 ||     5
Dodge: Dodged            |    46 |   119 |   253 ||   418

Table legend:
 A = Spawn XP
 B = Non-spawn XP
 C = Spawn XP percentage of total XP
 D = Spawn monster count
 E = Non-spawn monster count
 F = Spawn count percentage of total count
 G = Total turns spent on level
                    A         B        C        D         E        F      G
               +---------+---------+-------+---------+---------+-------+---------
         Total |       0 |    3824 |   0.0 |       0 |     161 |   0.0 | 10252
               +---------+---------+-------+---------+---------+-------+---------
           D:1 |       0 |      55 |   0.0 |       0 |      28 |   0.0 |   962
           D:2 |       0 |     153 |   0.0 |       0 |      27 |   0.0 |   845
           D:3 |       0 |     181 |   0.0 |       0 |      34 |   0.0 |  1987
           D:4 |       0 |     460 |   0.0 |       0 |      22 |   0.0 |  1738
           D:5 |       0 |    1182 |   0.0 |       0 |      18 |   0.0 |  2513
           D:6 |       0 |    1084 |   0.0 |       0 |      24 |   0.0 |  1019
           D:7 |       0 |     709 |   0.0 |       0 |       8 |   0.0 |   977
               +---------+---------+-------+---------+---------+-------+---------
